AoeStats
← Azatapower

Hideout

507490208Analyzed
1v1 RM · 13d ago on Sep 18, 2026· 37m 55s· 2 players
Game mode
Random Map
Map size
Tiny (2 player)
Population
200
Speed
Normal
Resources
Standard
Victory
Conquest
Starting age
Dark Age
Ending age
Imperial Age
RankedLock teamsTeams togetherTeam positionsShared explorationLock speedFull tech treeHidden civsTurbo modeCheats
Victory
Defeat
🇧🇷 Lithuanians · Brazil
1301
+18
🇹🇼 Wei · Taiwan
1338
-18
Azatapower
8:09 Loom
10:36 Feudal Age
15:25 Castle Age
13:20 Horse Collar
13:45 Double-Bit Axe
14:32 Scale Mail Armor
14:50 Scale Barding Armor
15:56 Bloodlines
16:15 Forging
19:36 Husbandry
21:36 Wheelbarrow
23:18 Chain Barding Armor
22:32 Light Cavalry
26:00 Town Watch
32:31 Iron Casting
32:03 Fletching
38:26 Bow Saw
Feather
9:02 Feudal Age
9:29 Horse Collar
9:35 Double-Bit Axe
16:22 Castle Age
15:31 Gold Mining
17:22 Bow Saw
17:24 Fletching
18:32 Bodkin Arrow
19:49 Padded Archer Armor
27:47 Wheelbarrow
28:21 Bloodlines
28:55 Loom
29:29 Stone Mining
30:35 Husbandry
31:13 Heavy Plow
30:57 Light Cavalry
34:05 Scale Barding Armor
34:26 Ballistics
36:23 Chain Barding Armor
37:17 Forging
Connection lost

Rejoining the realm…

Still unreachable

The connection could not be restored.

Session expired

The server has moved on; the page needs a fresh start.